General information
- name: BNet
- type: Ladder team game (AT/RT)
- host: Battle.net
- saver: BoogerJones
map: Mur'gulOasis
- players: 8
- length: 61:33
- speed: Fast
- version: 1.26 W3XP
- replay type: Public
» download(285 KB)
Players
team 1 (winner)
TimeofMadness (
teal | 55 APM | 1147 actions | 20:42)
4 Mountain King
2 Storm Bolt
2 Bash
» actions
| Assign group hotkey | 21 | |
| Basic commands | 11 | |
| Build / train | 75 | |
| Enter build submenu | 18 | |
| Enter hero's abilities submenu | 4 | |
| Give item / drop item | 1 | |
| Remove unit from queue | 5 | |
| Right click | 457 | |
| Select / deselect | 222 | |
| Select group hotkey | 259 | |
| Use ability | 74 | |
1147 total
» units
» upgrades
| Defend | 1 | |
| Swords | 3 | |
| Masonry | 3 | |
| Plating | 3 | |
| Animal War Training | 1 | |
| Lumber Harvesting | 1 | |
12 total
» buildings
| Altar of Kings | 1 | |
| Farm | 10 | |
| Lumber Mill | 1 | |
| Barracks | 2 | |
| Arcane Vault | 1 | |
| Blacksmith | 1 | |
| Keep | 1 | |
| Castle | 2 | |
19 total
» build order
00:08 Altar of Kings
00:10 Farm
00:48 Farm
00:55 Lumber Mill
01:18 Barracks
01:34 Farm
02:03 Barracks
02:53 Farm
02:59 Arcane Vault
03:32 Farm
04:12 Farm
05:13 Farm
06:09 Blacksmith
07:02 Keep
11:41 Castle
11:41 Castle
16:10 Farm
16:15 Farm
17:11 Farm
» items
| Scroll of Regeneration | 3 | |
| Lesser Clarity Potion | 1 | |
| Scroll of Town Portal | 5 | |
| Potion of Healing | 4 | |
| Orb of Fire | 3 | |
16 total
BIight (
yellow | 87 APM | 5363 actions | 61:33)
10 Archmage
3 Summon Water Elemental
3 Brilliance Aura
1 Mass Teleport
3 Blizzard
» actions
| Assign group hotkey | 112 | |
| Basic commands | 136 | |
| Build / train | 216 | |
| ESC pressed | 16 | |
| Enter build submenu | 75 | |
| Enter hero's abilities submenu | 11 | |
| Give item / drop item | 3 | |
| Remove unit from queue | 5 | |
| Right click | 2484 | |
| Select / deselect | 619 | |
| Select group hotkey | 1203 | |
| Use ability | 483 | |
5363 total
» units
| Peasant | 20 | |
| Footman | 6 | |
| Gryphon Rider | 14 | |
| Dragonhawk Rider | 2 | |
| Rifleman | 1 | |
| Priest | 1 | |
44 total
» upgrades
| Swords | 3 | |
| Masonry | 2 | |
| Animal War Training | 1 | |
| Armor | 3 | |
| Lumber Harvesting | 1 | |
| Storm Hammers | 1 | |
| Cloud | 1 | |
| Magic Sentry | 1 | |
| Sorceress Training | 1 | |
| Priest Training | 1 | |
| Plating | 1 | |
| Gunpowder | 1 | |
| Backpack | 1 | |
| Defend | 1 | |
19 total
» buildings
| Altar of Kings | 1 | |
| Barracks | 1 | |
| Farm | 16 | |
| Arcane Vault | 1 | |
| Keep | 4 | |
| Scout Tower | 40 | |
| Lumber Mill | 1 | |
| Arcane Tower | 33 | |
| Blacksmith | 1 | |
| Castle | 4 | |
| Guard Tower | 49 | |
| Gryphon Aviary | 2 | |
| Town Hall | 3 | |
| Arcane Sanctum | 1 | |
157 total
» build order
00:42 Altar of Kings
00:44 Barracks
00:54 Farm
01:13 Farm
01:41 Farm
02:19 Arcane Vault
02:21 Farm
03:52 Keep
03:53 Keep
04:06 Scout Tower
04:09 Scout Tower
05:01 Lumber Mill
05:09 Arcane Tower
05:09 Arcane Tower
05:29 Blacksmith
06:21 Castle
06:22 Castle
06:23 Scout Tower
06:25 Scout Tower
06:56 Guard Tower
06:57 Guard Tower
08:46 Scout Tower
08:51 Gryphon Aviary
08:54 Gryphon Aviary
08:58 Scout Tower
09:02 Scout Tower
09:06 Farm
09:10 Farm
09:21 Guard Tower
09:21 Guard Tower
09:21 Guard Tower
09:57 Farm
10:19 Farm
12:31 Town Hall
12:37 Scout Tower
12:40 Scout Tower
12:42 Scout Tower
12:48 Scout Tower
12:55 Scout Tower
12:57 Scout Tower
13:02 Scout Tower
13:04 Scout Tower
13:05 Scout Tower
13:06 Scout Tower
13:19 Guard Tower
13:39 Guard Tower
13:39 Guard Tower
13:39 Guard Tower
13:54 Guard Tower
13:54 Guard Tower
13:55 Guard Tower
14:21 Guard Tower
15:28 Guard Tower
15:28 Guard Tower
17:11 Scout Tower
17:40 Guard Tower
17:40 Guard Tower
18:50 Scout Tower
29:30 Guard Tower
29:30 Guard Tower
30:37 Scout Tower
30:54 Arcane Sanctum
31:10 Arcane Tower
31:11 Arcane Tower
31:12 Scout Tower
31:14 Scout Tower
31:23 Scout Tower
31:27 Scout Tower
31:38 Scout Tower
31:44 Scout Tower
31:53 Arcane Tower
31:53 Arcane Tower
31:54 Arcane Tower
31:55 Arcane Tower
31:55 Arcane Tower
31:55 Arcane Tower
31:57 Guard Tower
31:57 Guard Tower
31:57 Guard Tower
32:35 Guard Tower
32:35 Guard Tower
32:38 Guard Tower
32:38 Guard Tower
32:43 Scout Tower
32:50 Scout Tower
33:02 Scout Tower
34:53 Guard Tower
34:53 Guard Tower
34:53 Guard Tower
35:33 Guard Tower
35:33 Guard Tower
35:36 Scout Tower
35:39 Scout Tower
38:06 Guard Tower
38:06 Guard Tower
38:12 Scout Tower
38:49 Guard Tower
38:53 Scout Tower
39:12 Scout Tower
39:56 Scout Tower
40:22 Arcane Tower
40:23 Arcane Tower
40:23 Arcane Tower
40:54 Arcane Tower
40:54 Arcane Tower
41:01 Scout Tower
41:04 Scout Tower
41:45 Arcane Tower
41:45 Arcane Tower
41:46 Arcane Tower
41:49 Scout Tower
42:39 Arcane Tower
42:46 Scout Tower
42:50 Scout Tower
43:22 Arcane Tower
43:22 Arcane Tower
47:07 Arcane Tower
47:07 Arcane Tower
47:08 Arcane Tower
47:30 Arcane Tower
47:30 Arcane Tower
48:39 Farm
48:40 Farm
48:43 Farm
48:44 Town Hall
48:47 Farm
49:28 Farm
49:29 Farm
49:31 Farm
49:31 Farm
49:42 Town Hall
57:42 Keep
60:54 Castle
» items
| Staff of Teleportation | 1 | |
| Scroll of Regeneration | 15 | |
| Mechanical Critter | 5 | |
| Potion of Healing | 1 | |
| Scroll of Town Portal | 2 | |
| Lesser Clarity Potion | 5 | |
| Staff of Sanctuary | 1 | |
30 total
NCR-VSLEGION (
orange | 42 APM | 2476 actions | 59:03)
7 Mountain King
3 Storm Bolt
3 Bash
1 Avatar
» actions
| Assign group hotkey | 30 | |
| Basic commands | 15 | |
| Build / train | 53 | |
| Enter build submenu | 16 | |
| Enter hero's abilities submenu | 8 | |
| Give item / drop item | 1 | |
| Right click | 1368 | |
| Select / deselect | 228 | |
| Select group hotkey | 665 | |
| Use ability | 92 | |
2476 total
» units
| Peasant | 9 | |
| Footman | 5 | |
| Dragonhawk Rider | 4 | |
| Gryphon Rider | 6 | |
24 total
» upgrades
| Masonry | 2 | |
| Lumber Harvesting | 1 | |
| Animal War Training | 1 | |
| Cloud | 1 | |
5 total
» buildings
| Altar of Kings | 1 | |
| Barracks | 1 | |
| Farm | 9 | |
| Scout Tower | 4 | |
| Arcane Tower | 1 | |
| Arcane Vault | 1 | |
| Keep | 1 | |
| Lumber Mill | 1 | |
| Guard Tower | 2 | |
| Gryphon Aviary | 5 | |
| Castle | 1 | |
| Blacksmith | 1 | |
28 total
» build order
00:11 Altar of Kings
00:26 Barracks
00:36 Farm
00:51 Farm
01:35 Scout Tower
01:47 Farm
02:21 Arcane Tower
02:47 Arcane Vault
04:03 Keep
04:07 Lumber Mill
04:10 Scout Tower
05:11 Scout Tower
05:12 Scout Tower
05:14 Guard Tower
05:50 Guard Tower
05:56 Farm
05:56 Farm
05:56 Farm
05:57 Farm
05:58 Farm
05:58 Farm
06:54 Gryphon Aviary
07:43 Gryphon Aviary
08:45 Castle
09:51 Blacksmith
22:51 Gryphon Aviary
22:52 Gryphon Aviary
22:52 Gryphon Aviary
» items
| Staff of Teleportation | 1 | |
| Scroll of Regeneration | 1 | |
| Lesser Clarity Potion | 2 | |
| Potion of Mana | 1 | |
| Scroll of Town Portal | 4 | |
| Boots of Speed | 1 | |
10 total

»
realdragons11 (
green | 23 APM | 472 actions | 20:57)
4 Blademaster
1 Wind Walk
1 Mirror Image
2 Critical Strike
» actions
| Build / train | 41 | |
| Enter build submenu | 18 | |
| Enter hero's abilities submenu | 4 | |
| Right click | 216 | |
| Select / deselect | 154 | |
| Use ability | 39 | |
472 total
» units
| Peon | 17 | |
| Grunt | 13 | |
| Troll Headhunter/Berserker | 2 | |
32 total
» upgrades
| Pillage | 1 | |
| Spiked Barricades | 1 | |
| Melee Weapons | 1 | |
3 total
» buildings
| Altar of Storms | 1 | |
| Orc Burrow | 5 | |
| Barracks | 1 | |
| Voodoo Lounge | 1 | |
| War Mill | 1 | |
| Watch Tower | 4 | |
| Stronghold | 1 | |
| Great Hall | 2 | |
16 total
» build order
00:08 Altar of Storms
00:12 Orc Burrow
00:49 Barracks
01:49 Orc Burrow
02:36 Voodoo Lounge
02:43 War Mill
07:41 Orc Burrow
09:28 Watch Tower
09:40 Watch Tower
09:59 Orc Burrow
10:38 Watch Tower
10:55 Orc Burrow
12:00 Stronghold
15:34 Great Hall
17:26 Great Hall
19:51 Watch Tower
team 2 (loser)
The-Harbinger7 (
pink | 37 APM | 1926 actions | 51:42)
6 Blademaster
3 Wind Walk
2 Critical Strike
1 Bladestorm
» actions
| Assign group hotkey | 3 | |
| Basic commands | 42 | |
| Build / train | 65 | |
| Enter build submenu | 27 | |
| Enter hero's abilities submenu | 6 | |
| Right click | 1273 | |
| Select / deselect | 373 | |
| Select group hotkey | 25 | |
| Use ability | 111 | |
1926 total
» units
| Peon | 28 | |
| Grunt | 11 | |
| Tauren | 3 | |
| Troll Headhunter/Berserker | 2 | |
| Shaman | 1 | |
45 total
» upgrades
| Armor | 1 | |
| Berserker Strength | 1 | |
| Shaman Training | 2 | |
| Melee Weapons | 1 | |
| Reinforced Defenses | 1 | |
| Pillage | 1 | |
7 total
» buildings
| Orc Burrow | 10 | |
| Altar of Storms | 4 | |
| Barracks | 1 | |
| Voodoo Lounge | 1 | |
| War Mill | 2 | |
| Stronghold | 2 | |
| Spirit Lodge | 2 | |
| Fortress | 1 | |
| Watch Tower | 4 | |
| Tauren Totem | 1 | |
| Great Hall | 1 | |
29 total
» build order
00:26 Orc Burrow
00:39 Altar of Storms
00:53 Barracks
01:39 Orc Burrow
02:04 Voodoo Lounge
02:36 War Mill
02:50 War Mill
03:11 Orc Burrow
04:49 Stronghold
05:26 Orc Burrow
06:57 Altar of Storms
07:22 Spirit Lodge
07:25 Spirit Lodge
08:06 Fortress
08:36 Altar of Storms
08:57 Orc Burrow
09:16 Watch Tower
09:35 Watch Tower
11:30 Tauren Totem
12:37 Watch Tower
12:50 Orc Burrow
14:21 Altar of Storms
14:50 Watch Tower
16:35 Orc Burrow
21:55 Great Hall
28:01 Orc Burrow
29:26 Orc Burrow
30:35 Stronghold
30:56 Orc Burrow
» items
| Healing Salve | 1 | |
| Orb of Fire | 1 | |
| Boots of Speed | 1 | |
3 total
MadPoopyButts (
blue | 33 APM | 1097 actions | 33:32)
5 Archmage
3 Blizzard
2 Brilliance Aura
4 Blood Mage
2 Flame Strike
2 Banish
» actions
| Basic commands | 2 | |
| Build / train | 66 | |
| Enter build submenu | 29 | |
| Enter hero's abilities submenu | 9 | |
| Give item / drop item | 1 | |
| Right click | 588 | |
| Select / deselect | 291 | |
| Use ability | 111 | |
1097 total
» units
| Peasant | 17 | |
| Footman | 8 | |
| Dragonhawk Rider | 8 | |
| Gryphon Rider | 2 | |
35 total
» upgrades
| Swords | 2 | |
| Defend | 1 | |
| Armor | 2 | |
| Cloud | 1 | |
| Storm Hammers | 1 | |
7 total
» buildings
| Altar of Kings | 2 | |
| Farm | 13 | |
| Barracks | 1 | |
| Scout Tower | 5 | |
| Arcane Tower | 1 | |
| Lumber Mill | 1 | |
| Arcane Vault | 2 | |
| Blacksmith | 1 | |
| Guard Tower | 4 | |
| Keep | 2 | |
| Gryphon Aviary | 2 | |
| Castle | 1 | |
| Town Hall | 1 | |
36 total
» build order
00:20 Altar of Kings
00:22 Farm
00:48 Altar of Kings
01:01 Barracks
01:06 Scout Tower
01:34 Farm
01:54 Arcane Tower
02:02 Lumber Mill
02:13 Arcane Vault
02:17 Arcane Vault
02:25 Farm
03:02 Scout Tower
03:39 Blacksmith
03:41 Guard Tower
03:51 Farm
05:04 Scout Tower
05:05 Keep
05:05 Keep
05:37 Guard Tower
05:40 Scout Tower
06:25 Guard Tower
06:31 Scout Tower
06:55 Farm
07:02 Guard Tower
07:05 Farm
07:40 Gryphon Aviary
08:33 Castle
09:19 Gryphon Aviary
09:45 Farm
10:25 Farm
17:57 Farm
21:27 Town Hall
23:07 Farm
23:09 Farm
24:27 Farm
25:29 Farm
» items
| Scroll of Town Portal | 4 | |
| Scroll of Regeneration | 1 | |
5 total
BoogerJones (
purple | 36 APM | 2207 actions | 61:33)
9 Keeper of the Grove
2 Force of Nature
3 Thorns Aura
3 Entangling Roots
1 Tranquility
» actions
| Assign group hotkey | 101 | |
| Basic commands | 148 | |
| Build / train | 86 | |
| Enter build submenu | 41 | |
| Enter hero's abilities submenu | 8 | |
| Give item / drop item | 5 | |
| Right click | 882 | |
| Select / deselect | 414 | |
| Select group hotkey | 203 | |
| Use ability | 319 | |
2207 total
» units
| Wisp | 40 | |
| Chimaera | 12 | |
| Hippogryph | 3 | |
55 total
» upgrades
| Strength of the Wild | 3 | |
| Reinforced Hides | 3 | |
| Corrosive Breath | 1 | |
| Nature's Blessing | 1 | |
| Well Spring | 1 | |
| Ultravision | 1 | |
10 total
» buildings
| Altar of Elders | 1 | |
| Moon Well | 8 | |
| Tree of Ages | 1 | |
| Hunter's Hall | 1 | |
| Tree of Eternity | 1 | |
| Ancient of Wind | 4 | |
| Chimaera Roost | 3 | |
| Tree of Life | 3 | |
| Ancient Protector | 20 | |
42 total
» build order
00:08 Altar of Elders
00:21 Moon Well
01:16 Moon Well
01:50 Moon Well
01:57 Moon Well
02:30 Tree of Ages
03:30 Hunter's Hall
05:19 Tree of Eternity
06:22 Ancient of Wind
06:27 Ancient of Wind
06:39 Moon Well
07:45 Chimaera Roost
07:46 Chimaera Roost
07:47 Chimaera Roost
08:32 Moon Well
08:34 Moon Well
08:37 Moon Well
12:20 Tree of Life
12:24 Ancient Protector
12:25 Ancient Protector
12:26 Ancient Protector
12:27 Ancient Protector
12:29 Ancient Protector
15:23 Tree of Life
15:32 Ancient Protector
15:33 Ancient Protector
15:33 Ancient Protector
15:34 Ancient Protector
21:40 Ancient of Wind
21:41 Ancient of Wind
24:52 Ancient Protector
24:53 Ancient Protector
24:53 Ancient Protector
25:02 Ancient Protector
31:22 Tree of Life
31:44 Ancient Protector
31:47 Ancient Protector
31:51 Ancient Protector
31:52 Ancient Protector
31:53 Ancient Protector
31:56 Ancient Protector
31:56 Ancient Protector
» items
| Boots of Speed | 1 | |
| Staff of Teleportation | 3 | |
| Tome of Retraining | 1 | |
| Scroll of Town Portal | 1 | |
6 total

»
Touch_My_Aids (
red | 15 APM | 935 actions | 61:27)
7 Mountain King
3 Storm Bolt
3 Bash
1 Avatar
» actions
| Build / train | 75 | |
| Enter build submenu | 33 | |
| Enter hero's abilities submenu | 7 | |
| Remove unit from queue | 3 | |
| Right click | 332 | |
| Select / deselect | 427 | |
| Use ability | 58 | |
935 total
» units
| Peasant | 13 | |
| Footman | 2 | |
| Rifleman | 23 | |
| Sorceress | 6 | |
| Priest | 3 | |
| Dragonhawk Rider | 3 | |
50 total
» upgrades
| Gunpowder | 3 | |
| Armor | 3 | |
| Sorceress Training | 2 | |
| Priest Training | 2 | |
10 total
» buildings
| Altar of Kings | 1 | |
| Farm | 19 | |
| Barracks | 1 | |
| Lumber Mill | 1 | |
| Blacksmith | 1 | |
| Arcane Vault | 1 | |
| Keep | 2 | |
| Arcane Sanctum | 2 | |
| Castle | 1 | |
| Town Hall | 1 | |
| Altar of Storms | 1 | |
31 total
» build order
00:22 Altar of Kings
00:37 Farm
00:54 Barracks
01:09 Lumber Mill
01:21 Farm
01:57 Farm
02:21 Blacksmith
03:00 Farm
03:31 Arcane Vault
03:39 Farm
04:31 Farm
05:12 Farm
07:14 Keep
07:20 Farm
08:11 Farm
09:25 Farm
09:46 Arcane Sanctum
09:50 Arcane Sanctum
10:12 Farm
13:20 Castle
25:50 Town Hall
30:33 Farm
30:37 Farm
31:22 Farm
31:23 Keep
31:27 Farm
32:11 Farm
32:16 Farm
33:13 Farm
33:20 Farm
52:30 Altar of Storms
» items
Chat log
(00:20 / All) BIight: booger jones, touch my aids, mad poopy butt, most disgusting team in 4v4 rt
(00:31 / All) BoogerJones: Anasurimbor
(00:31 / All) Touch_My_Aids: lol
(00:34 / All) MadPoopyButts: *coolest
(00:46 / All) NCR-VSLEGION: ive seen badder names
(01:03 / All) Touch_My_Aids: badder?
(01:08 / All) BoogerJones: we have the harbinger of hte apocalypse
(01:17 / Allies) The-Harbinger7: HAHA
(01:18 / All) MadPoopyButts: i have legs
(01:25 / All) BoogerJones: Anasurimbor Kellhus
(04:02 / Allies) Touch_My_Aids: we go soon
(04:04 / Allies) Touch_My_Aids: ?
(05:20 / Allies) Touch_My_Aids: go?
(05:22 / Allies) Touch_My_Aids: hit?
(05:26 / Allies) MadPoopyButts: uhh
(05:29 / Allies) MadPoopyButts: im with whateveer
(05:34 / Allies) MadPoopyButts: just lost a couple dudes though
(05:46 / Allies) Touch_My_Aids: purple has not units nevermind
(06:24 / Allies) Touch_My_Aids: coming
(10:43 / Allies) MadPoopyButts: to?
(10:43 / Allies) MadPoopyButts: tp?
(11:27 / All) realdragons11: noob
(11:29 / Allies) BoogerJones: lumber?
(11:45 / Allies) BoogerJones: thanks
(11:59 / Allies) Touch_My_Aids: hit now
(12:50 / Allies) Touch_My_Aids: get clodud
(12:55 / Allies) MadPoopyButts: its on its way
(13:07 / Allies) Touch_My_Aids: amin now main
(13:45 / Allies) Touch_My_Aids: kill main
(14:41 / All) BIight: focus a hero with dhawks you fucking retard, yeah
(15:20 / Allies) Touch_My_Aids: wow wtf is wrong with you suys
(15:42 / Allies) Touch_My_Aids: why did yo u leavv we had that
(15:52 / Allies) MadPoopyButts: i only had hero lefgt and he was dyinbg
(20:13 / All) realdragons11: gg?
(20:15 / All) TimeofMadness: Gg
(20:20 / All) TimeofMadness: nobody tped in
(20:27 / All) realdragons11: nobody tped in
(20:31 / All) BIight: why the fuck would I tp in with gryphons
(20:33 / All) BIight: into hawks and rifles
(21:34 / Allies) BoogerJones: lumber?
(23:28 / Allies) MadPoopyButts: tf?
(23:32 / All) BoogerJones: hack?
(23:40 / All) NCR-VSLEGION: u know it nigga
(23:41 / All) BoogerJones: wtf is this
(24:03 / All) BoogerJones: I'
(24:06 / All) BoogerJones: I'm reporting you
(24:17 / All) NCR-VSLEGION: why am i called a faggot
(24:28 / All) Touch_My_Aids: cause you are gay
(24:37 / All) NCR-VSLEGION: nothing i did wrong unjust
(24:44 / All) Touch_My_Aids: no your just gay
(25:10 / Allies) Touch_My_Aids: kill yellow pls
(25:14 / Allies) MadPoopyButts: trying lol
(25:29 / Allies) Touch_My_Aids: use hipos and he will leave
(25:58 / Allies) MadPoopyButts: purp
(26:01 / Allies) MadPoopyButts: im on your team
(26:05 / Allies) MadPoopyButts: ..
(26:06 / All) BoogerJones: wtf
(26:11 / All) BoogerJones: I think I just made a huge mistake
(26:17 / Allies) MadPoopyButts: lol
(26:38 / All) NCR-VSLEGION: why
(26:39 / All) NCR-VSLEGION: mistake
(26:46 / All) BoogerJones: I just attacked my teammate on accident
(27:02 / All) BoogerJones: thinking he was enemy birds
(27:26 / Allies) Touch_My_Aids: pls purp use your units
(27:31 / Allies) MadPoopyButts: hes bsing
(27:35 / Allies) MadPoopyButts: just let him go
(27:47 / Allies) MadPoopyButts: lol
(27:50 / Allies) BoogerJones: whoops
(29:23 / Allies) MadPoopyButts: thanks red..
(29:30 / Allies) Touch_My_Aids: for what
(29:32 / All) NCR-VSLEGION: bad boy poppy butt
(29:37 / Allies) BoogerJones: thanks for nothin'
(29:40 / Allies) MadPoopyButts: amd let him kill me
(29:41 / Allies) Touch_My_Aids: he was destroying me
(29:57 / All) BoogerJones: orange, yellow, can we have truce?
(30:02 / All) BIight: yeah
(30:06 / All) BoogerJones: Cool
(30:06 / Allies) Touch_My_Aids: i have no aa this is dumb and im not sure whats going on
(30:07 / All) NCR-VSLEGION: i will amen to that
(30:10 / All) BoogerJones: Don't attack me I won't attack you
(30:19 / Allies) Touch_My_Aids: lol wtf
(31:00 / All) NCR-VSLEGION: i feel safe by yellows towers
(32:04 / All) BIight: LMAO
(32:13 / All) BIight: you fucking idiot
(32:37 / All) MadPoopyButts: gg
(32:46 / All) NCR-VSLEGION: cannot believe team 1 won
(32:49 / All) NCR-VSLEGION: best comeback ever
(32:51 / All) MadPoopyButts: purp bsd
(32:54 / All) BIight: I 1v4ed those noob
(32:56 / All) NCR-VSLEGION: no we won
(32:57 / All) Touch_My_Aids: you didnt win
(33:03 / All) NCR-VSLEGION: we won ddue
(33:08 / All) BIight: We won dude
(33:17 / All) MadPoopyButts: purp killed all my units and didnt fight
(33:20 / All) MadPoopyButts: but oh well
(33:22 / All) BIight: we won dude
(33:27 / All) MadPoopyButts: shoulda been able to tell with 'boogerjones'
(33:28 / All) MadPoopyButts: gg
(33:47 / Allies) Touch_My_Aids: purple what is your deal man
(33:48 / All) BoogerJones: Booger Jones is a lover, not a fighter
(33:50 / All) BIight: no boots red
(34:08 / Allies) Touch_My_Aids: your a faggot
(34:31 / All) BIight: that lasts forever
(34:51 / All) BoogerJones: accident
(35:06 / All) NCR-VSLEGION: time for my annual love tap to bambi
(35:17 / Allies) Touch_My_Aids: dude your a queer why would you do this to 3 others
(35:40 / All) BoogerJones: You ain't going anywhere
(35:46 / All) NCR-VSLEGION: girm thunderbrew
(35:47 / All) NCR-VSLEGION: down
(35:57 / All) BoogerJones: Nobody attacks the Booger Jones and gets away with it, nobody
(36:07 / All) NCR-VSLEGION: wut is a booger
(36:08 / All) Touch_My_Aids: were you not loved by your dad or loved to much
(36:22 / All) BoogerJones: You been peepin' in the windows?
(36:27 / All) BoogerJones: Otherwise you couldn't have known it
(36:35 / Allies) Touch_My_Aids: stfu faggot
(36:51 / All) BoogerJones: I think he told you to stfu orange, and he called you a faggot
(36:54 / All) BoogerJones: That's rude but whatever
(36:59 / Allies) Touch_My_Aids: that was for you
(37:03 / Allies) Touch_My_Aids: faggot
(37:16 / Allies) BoogerJones: You're calling me a faggot
(37:18 / Allies) BoogerJones: wtf did I do
(37:20 / Allies) Touch_My_Aids: yes
(37:41 / All) NCR-VSLEGION: freaking broncos they better fire fox
(37:41 / Allies) Touch_My_Aids: uhh this whole gaem is what you did fuk off you daddy fucker
(37:43 / All) BoogerJones: Red's mad at me and I just don't know why
(37:54 / All) BoogerJones: that doesn't even make sense
(37:57 / All) BoogerJones: I killed green
(38:01 / All) BoogerJones: I accomplished a lot this game
(38:11 / All) BoogerJones: I have 24000 gold too
(38:17 / All) BoogerJones: That's a lot in Warcraft 3 standards
(38:23 / All) Touch_My_Aids: your a faggot
(38:44 / Allies) BoogerJones: I don't get what you're saying
(38:58 / Allies) BoogerJones: I don't have a bundle of sticks if you mean that
(39:36 / All) NCR-VSLEGION: purple was the best player on ur team
(39:38 / All) BIight: why do you want that tower so bad, faggot
(39:39 / All) NCR-VSLEGION: pink was the worst
(39:42 / All) BoogerJones: Throw a faggot on the fire, and enflame the rage of the bruised egos like a thunder-struck dragon!
(39:43 / All) NCR-VSLEGION: red and blue were average
(40:14 / Allies) The-Harbinger7: hacking up a storm
(40:18 / All) NCR-VSLEGION: im reading game of thrones just got to part where sam came in. sam is an awesome character. caling urself a coward is courage
(40:19 / All) NCR-VSLEGION: ous
(40:33 / All) Touch_My_Aids: lol red destroyed you so yeah im better tahnk you faggot
(40:33 / All) BoogerJones: It's honest, not courageous
(40:33 / All) NCR-VSLEGION: do not wake the dragon, red
(40:44 / All) NCR-VSLEGION: red u waked the dragon
(40:47 / All) NCR-VSLEGION: of purples wrath
(40:51 / All) NCR-VSLEGION: Thats y u see him make chims
(40:54 / All) NCR-VSLEGION: hes a dragon
(41:03 / All) Touch_My_Aids: your an idiot
(41:10 / All) NCR-VSLEGION: itis you're
(41:13 / All) NCR-VSLEGION: even i know that
(41:21 / All) Touch_My_Aids: who cares
(41:30 / All) Touch_My_Aids: your still a faggot idiot
(41:33 / All) NCR-VSLEGION: red y wont u adsmit purple was ur best palyer
(41:35 / All) NCR-VSLEGION: i did nothing wrong man
(41:39 / All) NCR-VSLEGION: i helped own pinks base
(41:51 / All) Touch_My_Aids: no he wasnt
(41:57 / All) NCR-VSLEGION: who was then
(42:00 / All) Touch_My_Aids: me
(42:09 / All) NCR-VSLEGION: u were too slow on aiding pinks base
(42:13 / All) NCR-VSLEGION: me and teal got him hard
(42:25 / All) Touch_My_Aids: lol as i killed you six time man you forget fast
(42:44 / All) BoogerJones: i don't like red because he's a jerk and he says rude things
(42:48 / All) NCR-VSLEGION: u never once brah. its not my fault i was watching nfl highlights
(42:51 / All) BoogerJones: I wish he wasn't on my team because he hurt my feelings
(42:53 / All) NCR-VSLEGION: red dont call pple names
(43:00 / All) BoogerJones: I want to attack him back
(43:16 / All) NCR-VSLEGION: red its now an international crime to call people the "F" word
(43:20 / All) Touch_My_Aids: pruple i fucked you mom and sister and dad
(43:48 / All) BoogerJones: no you didn't
(43:53 / All) Touch_My_Aids: did to
(44:01 / All) BoogerJones: yeah right
(44:05 / All) BoogerJones: I don't believe you
(44:22 / Allies) BoogerJones: let's attack
(51:36 / All) BIight: AHHHHHH
(51:37 / All) BoogerJones: haha
(51:38 / All) BIight: PEACE AND QUIET
(51:38 / All) BIight: AT LAST
(51:45 / All) BIight: NO BM TO RUIN MY DAY
(51:50 / All) BIight: AHHHHHHH, SILENCE IS GOLDEN
(52:00 / All) BIight: JOY HAS BEEN BROUGHT TO THE WORLD THIS MOMENT
(54:02 / Allies) BoogerJones: guess you're pretty much helpless now, huh?
(54:03 / Allies) BoogerJones: punk
(54:14 / Allies) Touch_My_Aids: your a faggot
(54:24 / Allies) BoogerJones: you're my bottom bitch
(54:31 / Allies) BoogerJones: comb my chest hair punk
(55:46 / All) BoogerJones: red is my bottom bitch
(55:52 / All) BoogerJones: he combs my chest hair on commmand
(55:57 / All) BoogerJones: and picks my dingleberries
(56:00 / All) NCR-VSLEGION: lawl
(56:03 / All) NCR-VSLEGION: Red is mad
(56:05 / All) BoogerJones: he keeps them for trophies
(56:06 / All) NCR-VSLEGION: cuz he badddddd
(56:10 / All) BoogerJones: the dingleberries of his master
(56:29 / All) BoogerJones: he sniffs them from time to time and keeps them in a chew can
(56:31 / All) Touch_My_Aids: i wish i could see you in real life so i could rape you analy
(56:39 / All) BIight: LOL
(56:42 / All) BoogerJones: you want revenge from being the bottom bitch"?
(56:54 / All) BoogerJones: he gives it up freely
(56:58 / All) Touch_My_Aids: no just to rape you if the face with my fist
(57:24 / All) BoogerJones: why you so submissive in real life? I thought you liked being the bottom bitch
(57:36 / All) BoogerJones: you wore the ring I found in that cracker jack box
(58:09 / All) Touch_My_Aids: just amazed at how fucking reatrded you are
(58:32 / All) BoogerJones: but you like that huh, getting ass slammed in ged class
(58:40 / All) BoogerJones: you my prison bitch
(58:42 / All) BoogerJones: and you like it
(58:55 / All) Touch_My_Aids: i wnat to see you in real life you nerd virgin
(59:03 / All) BoogerJones: tell em what you say when you get reamed in the ass every night
(59:08 / All) BoogerJones: "oh booger jones u the baddest"
(59:16 / All) Touch_My_Aids: lamo oj got kicked
(59:45 / All) BoogerJones: how can i be a virgin when I ream your ass every night?
(59:52 / All) BoogerJones: you're booger jones bottom bitch
(60:04 / All) Touch_My_Aids: still a faggot
(60:12 / All) BoogerJones: pick the lice from my hair bitch
(60:17 / All) BIight: red is a bottom bitch hahahaha
(60:21 / All) BIight: little bottom bitch hahahaha
(60:32 / All) BoogerJones: even the enemy side knows what you really are
(61:06 / All) BoogerJones: I gave him AIDs
(61:30 / All) BoogerJones: lawl